AoeStats
← 白鹿城拉车车

Nomad

507724992Analyzed
4v4 RM · 12d ago on Sep 19, 2026· 28m 36s· 8 players
Game mode
Random Map
Map size
231×231
Population
200
Speed
Normal
Resources
Standard
Victory
Conquest
Starting age
Dark Age
Ending age
Imperial Age
RankedLock teamsTeams togetherTeam positionsShared explorationLock speedFull tech treeHidden civsTurbo modeCheats
Victory
Defeat
🇨🇳 Spanish · China
1444
+13
🇪🇨 Persians · Ecuador
1331
+17
🇫🇷 Dravidians · France
1325
+18
🇨🇳 Poles · China
1290
+19
🇨🇳 Franks · China
1425
-19
🇮🇳 Vietnamese · India
1377
-17
🇨🇳 Spanish · China
1365
-17
🇨🇳 Koreans · China
1293
-14
_HerculePoirot_
11:38 Loom
15:04 Feudal Age
19:10 Castle Age
17:49 Fletching
17:57 Double-Bit Axe
18:45 Padded Archer Armor
19:53 Crossbowman
20:29 Bodkin Arrow
22:05 Bow Saw
24:20 Fishing Lines
白鹿城拉车车
10:03 Loom
12:55 Feudal Age
16:26 Double-Bit Axe
21:03 Castle Age
19:51 Fletching
妈妈。
4:36 Loom
14:45 Feudal Age
19:30 Castle Age
17:56 Double-Bit Axe
17:54 Fishing Lines
18:23 Fletching
23:59 Bow Saw
小鸡
5:09 Loom
14:44 Feudal Age
20:27 Castle Age
18:50 Double-Bit Axe
19:44 Scale Barding Armor
19:28 Double-Bit Axe
21:37 Chain Barding Armor
25:27 Town Watch
29:05 Wheelbarrow
Gim
7:46 Loom
12:44 Feudal Age
21:09 Castle Age
20:27 Scale Barding Armor
20:34 Bloodlines
20:32 Horse Collar
20:43 Double-Bit Axe
23:30 Wheelbarrow
jawsy_
5:09 Loom
13:05 Feudal Age
17:16 Castle Age
15:54 Double-Bit Axe
19:12 Bow Saw
19:40 Horse Collar
22:55 Fletching
26:29 Wheelbarrow
26:27 Padded Archer Armor
27:08 Bodkin Arrow
27:47 Thumb Ring
28:29 Gold Mining
虎!虎!虎!
5:23 Loom
13:11 Feudal Age
13:53 Town Watch
18:48 Castle Age
18:54 Double-Bit Axe
19:35 Fletching
19:58 Bow Saw
26:17 Fishing Lines
[Legacy]Rian23
3:34 Loom
5:39 Loom
11:06 Feudal Age
11:44 Double-Bit Axe
11:56 Town Watch
13:30 Horse Collar
21:50 Castle Age
20:45 Bloodlines
20:30 Gold Mining
21:35 Scale Barding Armor
21:36 Fletching
22:40 Bow Saw
23:16 Wheelbarrow
Connection lost

Rejoining the realm…

Still unreachable

The connection could not be restored.

Session expired

The server has moved on; the page needs a fresh start.